PCL
REDWOOD CITY REDWOODS @ MEXICO CITY CERVECEROS
08/15/2026
 
TOP OF THE 1ST
Redwood City Redwoods batting - Pitching for Mexico City Cerveceros : LHP Matt Parker
Pitching: LHP Matt Parker
Batting: LHB Diego González 0-0: Ball
1-0: Ground out 4-3 (Groundball, 4)
Batting: RHB Jesús Maestas 0-0: Foul Ball, location: 2F
0-1: Fly out, F6 (Line Drive, 6D)
Batting: LHB Iván Salas 0-0: Called Strike
0-1: Fly out, F7 (Flyball, 78D)
Top of the 1st over - 0 run(s), 0 hit(s), 0 error(s), 0 left on base; Redwood City 0 - Mexico City 0
BOTTOM OF THE 1ST
Mexico City Cerveceros batting - Pitching for Redwood City Redwoods : RHP José Gómez
Pitching: RHP José Gómez
Batting: RHB Henning Huisman 0-0: Ball
1-0: Foul Ball, location: 2F
1-1: Foul Ball, location: 2F
1-2: Foul Ball, location: 2F
1-2: Ground out 5-3 (Groundball, 5)
Batting: RHB Rafael González 0-0: Ball
1-0: Called Strike
1-1: Ball
2-1: Ground out 1-3 (Groundball, 23)
Batting: RHB Arnold Harmon 0-0: Ball
1-0: Ground out 6-3 (Groundball, 6M)
Bottom of the 1st over - 0 run(s), 0 hit(s), 0 error(s), 0 left on base; Redwood City 0 - Mexico City 0
TOP OF THE 2ND
Redwood City Redwoods batting - Pitching for Mexico City Cerveceros : LHP Matt Parker
Batting: LHB Germán Charfauros 0-0: Foul Ball, location: 2F
0-1: Ball
1-1: Foul Ball, location: 2F
1-2: Foul Ball, location: 2F
1-2: Foul Ball, location: 2F
1-2: Strikes out swinging
Batting: RHB Rafael Rincón 0-0: Ball
1-0: Called Strike
1-1: Ball
2-1: Foul Ball, location: 2F
2-2: Foul Ball, location: 2F
2-2: Ball
3-2: Foul Ball, location: 2F
3-2: Foul Ball, location: 2F
3-2: Foul Ball, location: 2F
3-2: Base on Balls
Batting: LHB Nicholas Alston 0-0: Ball
1-0: Ball
2-0: Ball
3-0: Called Strike
3-1: Swinging Strike
3-2: Strikes out looking
Batting: SHB Luis González 0-0: Called Strike
0-1: Ball
1-1: Ball
2-1: Ball
3-1: Foul Ball, location: 2F
3-2: Strikes out looking
Top of the 2nd over - 0 run(s), 0 hit(s), 0 error(s), 1 left on base; Redwood City 0 - Mexico City 0
BOTTOM OF THE 2ND
Mexico City Cerveceros batting - Pitching for Redwood City Redwoods : RHP José Gómez
Batting: RHB Reynold Akker 0-0: Called Strike
0-1: SINGLE (Line Drive, 56)
Batting: RHB Hamilton Holbrook 0-0: Called Strike
0-1: SINGLE (Flyball, 78S)
Reynold Akker to second
Batting: RHB Dennis Stephenson 0-0: Called Strike
0-1: Ball
1-1: Ball
2-1: Foul Ball, location: 2F
2-2: Foul Ball, location: 2F
2-2: Ball
3-2: Fly out, F7 (Popup, 78S)
Batting: LHB Brandon Cummings 0-0: Ball
1-0: Called Strike
1-1: Foul Ball, location: 2F
1-2: Ball
2-2: SINGLE (Groundball, 23) (infield hit)
Reynold Akker to third
Hamilton Holbrook to second
Batting: RHB Dave Morgan 0-0: Ground out 4-3 (Groundball, 13)
Reynold Akker scores
Hamilton Holbrook to third
Brandon Cummings to second
Batting: LHB Rubén Díaz 0-0: Foul Ball, location: 2F
0-1: Ball
1-1: Ball
2-1: Ball
3-1: Base on Balls
Batting: RHB Henning Huisman 0-0: SINGLE (Groundball, 6MD) (infield hit)
Hamilton Holbrook scores
Brandon Cummings to third
Rubén Díaz to second
Batting: RHB Rafael González 0-0: Ball
1-0: Foul Ball, location: 2F
1-1: SINGLE (Line Drive, 34)
Brandon Cummings scores
Rubén Díaz to third
Henning Huisman to second
Batting: RHB Arnold Harmon 0-0: Ball
1-0: Ball
2-0: Foul Ball, location: 2F
2-1: SINGLE (Groundball, 6D)
Rubén Díaz scores
Henning Huisman to third
Rafael González to second
Runner from 3rd tries for Home, SAFE, no throw or cutoff
Batting: RHB Reynold Akker 0-0: Called Strike
0-1: Swinging Strike
0-2: Strikes out swinging
Bottom of the 2nd over - 5 run(s), 6 hit(s), 0 error(s), 2 left on base; Redwood City 0 - Mexico City 5
TOP OF THE 3RD
Redwood City Redwoods batting - Pitching for Mexico City Cerveceros : LHP Matt Parker
Batting: LHB Marcos Pérez 0-0: Ground out 4-3 (Groundball, 4)
Batting: RHB Xavier Feliciano 0-0: Fly out, F4 (Popup, 4D)
Batting: LHB Diego González 0-0: Ball
1-0: Foul Ball, location: 2F
1-1: Ball
2-1: Ball
3-1: Base on Balls
Batting: RHB Jesús Maestas 0-0: Called Strike
0-1: Called Strike
0-2: Foul Ball, location: 2F
0-2: Foul Ball, location: 2F
0-2: Strikes out swinging
Top of the 3rd over - 0 run(s), 0 hit(s), 0 error(s), 1 left on base; Redwood City 0 - Mexico City 5
BOTTOM OF THE 3RD
Mexico City Cerveceros batting - Pitching for Redwood City Redwoods : RHP José Gómez
Batting: RHB Hamilton Holbrook 0-0: Called Strike
0-1: Called Strike
0-2: Foul Ball, location: 2F
0-2: Ball
1-2: Ball
2-2: DOUBLE (Flyball, 8LXD)
Batting: RHB Dennis Stephenson 0-0: Ball
1-0: Called Strike
1-1: Ball
2-1: Fly out, F7 (Flyball, 78XD)
Runner from 2nd tags up, SAFE at 3rd, no throw
Batting: LHB Brandon Cummings 0-0: Ball
1-0: Ball
2-0: Swinging Strike
2-1: Foul Ball, location: 2F
2-2: Ground out U3 (Groundball, 3S)
Batting: RHB Dave Morgan 0-0: Ball
1-0: Fly out, F7 (Line Drive, 7D)
Bottom of the 3rd over - 0 run(s), 1 hit(s), 0 error(s), 1 left on base; Redwood City 0 - Mexico City 5
TOP OF THE 4TH
Redwood City Redwoods batting - Pitching for Mexico City Cerveceros : LHP Matt Parker
Batting: LHB Iván Salas 0-0: Ball
1-0: Ground out U3 (Groundball, 3L)
Batting: LHB Germán Charfauros 0-0: Ball
1-0: Ball
2-0: DOUBLE (Flyball, 89XD)
Batting: RHB Rafael Rincón 0-0: Ball
1-0: Ground out 1-3 (Groundball, 15S)
Batting: LHB Nicholas Alston 0-0: Ball
1-0: Ball
2-0: 2-RUN HOME RUN (Line Drive, 9D), Distance : 368 ft
Batting: SHB Luis González 0-0: Ball
1-0: Called Strike
1-1: Ground out 6-3 (Groundball, 6M)
Top of the 4th over - 2 run(s), 2 hit(s), 0 error(s), 0 left on base; Redwood City 2 - Mexico City 5
BOTTOM OF THE 4TH
Mexico City Cerveceros batting - Pitching for Redwood City Redwoods : RHP José Gómez
Batting: LHB Rubén Díaz 0-0: Ball
1-0: Ball
2-0: Foul Ball, location: 2F
2-1: Called Strike
2-2: Foul Ball, location: 2F
2-2: Fly out, F8 (Flyball, 8RM)
Batting: RHB Henning Huisman 0-0: Called Strike
0-1: Foul Ball, location: 2F
0-2: Ball
1-2: Strikes out swinging
Batting: RHB Rafael González 0-0: Called Strike
0-1: Foul Ball, location: 2F
0-2: Ball
1-2: Ball
2-2: Foul Ball, location: 2F
2-2: Foul Ball, location: 2F
2-2: Ground out U3 (Groundball, 3L)
Bottom of the 4th over - 0 run(s), 0 hit(s), 0 error(s), 0 left on base; Redwood City 2 - Mexico City 5
TOP OF THE 5TH
Redwood City Redwoods batting - Pitching for Mexico City Cerveceros : LHP Matt Parker
Batting: LHB Marcos Pérez 0-0: Foul Ball, location: 2F
0-1: Ball
1-1: Swinging Strike
1-2: Foul Ball, location: 2F
1-2: Ball
2-2: Foul Ball, location: 2F
2-2: Strikes out swinging
Batting: RHB Xavier Feliciano 0-0: Called Strike
0-1: Ball
1-1: Fly out, F2 (Popup, 23F)
Batting: LHB Diego González 0-0: Ball
1-0: Ball
2-0: Called Strike
2-1: Ball
3-1: Base on Balls
Batting: RHB Jesús Maestas 0-0: Ball
1-0: Ball
2-0: Ball
Wild Pitch!
Diego González to second
3-0: Called Strike
3-1: Base on Balls
Batting: LHB Iván Salas 0-0: Ball
1-0: Foul Ball, location: 2F
1-1: Foul Ball, location: 2F
1-2: Foul Ball, location: 2F
1-2: Strikes out swinging
Top of the 5th over - 0 run(s), 0 hit(s), 0 error(s), 2 left on base; Redwood City 2 - Mexico City 5
BOTTOM OF THE 5TH
Mexico City Cerveceros batting - Pitching for Redwood City Redwoods : RHP José Gómez
Batting: RHB Arnold Harmon 0-0: Ball
1-0: Ground out 4-3 (Groundball, 4)
Batting: RHB Reynold Akker 0-0: Foul Ball, location: 2F
0-1: Ball
1-1: Swinging Strike
1-2: Ground out 5-3 (Groundball, 5L)
Batting: RHB Hamilton Holbrook 0-0: Called Strike
0-1: Ball
1-1: Foul Ball, location: 2F
1-2: Strikes out swinging
Bottom of the 5th over - 0 run(s), 0 hit(s), 0 error(s), 0 left on base; Redwood City 2 - Mexico City 5
TOP OF THE 6TH
Redwood City Redwoods batting - Pitching for Mexico City Cerveceros : LHP Matt Parker
Batting: LHB Germán Charfauros 0-0: Ball
1-0: Foul Ball, location: 2F
1-1: Ball
2-1: Ball
3-1: Base on Balls
Batting: RHB Rafael Rincón 0-0: Ball
1-0: Ball
2-0: Foul Ball, location: 2F
2-1: Foul Ball, location: 2F
2-2: Ball
3-2: Foul Ball, location: 2F
3-2: Strikes out looking
Germán Charfauros is caught stealing 2nd base
Batter strikes out.
Batting: LHB Nicholas Alston 0-0: Called Strike
0-1: Ball
1-1: Ground out 6-3 (Groundball, 6)
Top of the 6th over - 0 run(s), 0 hit(s), 0 error(s), 0 left on base; Redwood City 2 - Mexico City 5
BOTTOM OF THE 6TH
Mexico City Cerveceros batting - Pitching for Redwood City Redwoods : RHP José Gómez
Batting: RHB Dennis Stephenson 0-0: Called Strike
0-1: Called Strike
0-2: SINGLE (Line Drive, 8LS)
Batting: LHB Brandon Cummings 0-0: Called Strike
0-1: Ball
1-1: Ball
2-1: Foul Ball, location: 2F
2-2: Grounds into double play, 4-6-3 (Groundball, 4)
Batting: RHB Dave Morgan 0-0: Ground out 5-3 (Groundball, 5S)
Bottom of the 6th over - 0 run(s), 1 hit(s), 0 error(s), 0 left on base; Redwood City 2 - Mexico City 5
TOP OF THE 7TH
Redwood City Redwoods batting - Pitching for Mexico City Cerveceros : LHP Matt Parker
Pitching: RHP Josh Schmitt
Batting: SHB Luis González 0-0: Foul Ball, location: 2F
0-1: Ground out 4-3 (Groundball, 4)
Batting: LHB Marcos Pérez 0-0: Fly out, F3 (Popup, 13)
Batting: RHB Xavier Feliciano 0-0: Ball
1-0: Ball
2-0: Ball
3-0: Base on Balls
Batting: LHB Diego González 0-0: Ball
1-0: Swinging Strike
1-1: Swinging Strike
1-2: Ball
2-2: Strikes out looking
Top of the 7th over - 0 run(s), 0 hit(s), 0 error(s), 1 left on base; Redwood City 2 - Mexico City 5
BOTTOM OF THE 7TH
Mexico City Cerveceros batting - Pitching for Redwood City Redwoods : RHP José Gómez
Batting: LHB Rubén Díaz 0-0: Called Strike
0-1: Foul Ball, location: 2F
0-2: Ball
1-2: Ground out 6-3 (Groundball, 6M)
Pitching: RHP Ron Williams
Batting: RHB Henning Huisman 0-0: Called Strike
0-1: Ball
1-1: Ball
2-1: Foul Ball, location: 2F
2-2: Strikes out swinging
Batting: RHB Rafael González 0-0: Ball
1-0: Ball
2-0: Called Strike
2-1: Foul Ball, location: 2F
2-2: Ball
3-2: Base on Balls
Batting: RHB Arnold Harmon 0-0: Ball
1-0: Foul Ball, location: 2F
1-1: Ball
2-1: Foul Ball, location: 2F
2-2: Ball
3-2: Base on Balls
Rafael González to second
Batting: RHB Reynold Akker 0-0: Ball
1-0: Ball
2-0: Ball
Wild Pitch!
Rafael González to third
Arnold Harmon to second
3-0: Base on Balls
Batting: RHB Hamilton Holbrook 0-0: Foul Ball, location: 2F
0-1: Swinging Strike
0-2: Ball
1-2: Ball
2-2: Ball
3-2: Base on Balls
Rafael González scores
Arnold Harmon to third
Reynold Akker to second
Batting: RHB Dennis Stephenson 0-0: Fly out, F7 (Flyball, 78M)
Bottom of the 7th over - 1 run(s), 0 hit(s), 0 error(s), 3 left on base; Redwood City 2 - Mexico City 6
TOP OF THE 8TH
Redwood City Redwoods batting - Pitching for Mexico City Cerveceros : RHP Josh Schmitt
Batting: RHB Jesús Maestas 0-0: Called Strike
0-1: Swinging Strike
0-2: Ball
1-2: Ball
2-2: Foul Ball, location: 2F
2-2: SINGLE (Flyball, 4D)
Batting: LHB Iván Salas 0-0: Called Strike
0-1: Foul Ball, location: 2F
0-2: Fielders Choice at 2nd, 3-6 (Groundball, 3)
Batting: LHB Germán Charfauros 0-0: Ball
1-0: Called Strike
1-1: Ball
2-1: Ball
Wild Pitch!
Iván Salas to second
3-1: Base on Balls
Pitching: LHP Jerry Beck
Batting: RHB Rafael Rincón 0-0: Called Strike
0-1: Foul Ball, location: 2F
0-2: Foul Ball, location: 2F
0-2: Ball
1-2: Strikes out swinging
Batting: LHB Nicholas Alston 0-0: Called Strike
0-1: Foul Ball, location: 2F
0-2: Strikes out swinging
Top of the 8th over - 0 run(s), 1 hit(s), 0 error(s), 2 left on base; Redwood City 2 - Mexico City 6
BOTTOM OF THE 8TH
Mexico City Cerveceros batting - Pitching for Redwood City Redwoods : RHP Ron Williams
Batting: LHB Brandon Cummings 0-0: Foul Ball, location: 2F
0-1: Ball
1-1: Called Strike
1-2: Foul Ball, location: 2F
1-2: Foul Ball, location: 2F
1-2: Ball
2-2: Strikes out swinging
Batting: RHB Dave Morgan 0-0: Ball
1-0: Called Strike
1-1: Foul Ball, location: 2F
1-2: Ball
2-2: Ball
3-2: Foul Ball, location: 2F
3-2: Foul Ball, location: 2F
3-2: Strikes out swinging
Pitching: RHP Júlio Castro
Batting: LHB Rubén Díaz 0-0: Ball
1-0: Ball
2-0: Ball
3-0: Base on Balls
Batting: RHB Henning Huisman 0-0: Ball
1-0: Called Strike
1-1: Ball
2-1: Ball
3-1: Foul Ball, location: 2F
3-2: Foul Ball, location: 2F
3-2: Base on Balls
Rubén Díaz to second
Batting: RHB Rafael González 0-0: Called Strike
Balk!
Rubén Díaz to third
Henning Huisman to second
0-1: Ball
1-1: Foul Ball, location: 2F
1-2: Ball
2-2: Ball
3-2: Foul Ball, location: 2F
3-2: Foul Ball, location: 2F
3-2: Foul Ball, location: 2F
3-2: Base on Balls
Batting: RHB Arnold Harmon 0-0: SINGLE (Line Drive, 34D)
Rubén Díaz scores
Henning Huisman to third
Rafael González to second
Runner from 3rd tries for Home, SAFE, no throw or cutoff
Batting: RHB Reynold Akker 0-0: Called Strike
0-1: Foul Ball, location: 2F
0-2: Ball
1-2: Ball
2-2: Ball
3-2: Base on Balls
Rafael González to third
Arnold Harmon to second
Batting: RHB Hamilton Holbrook 0-0: Foul Ball, location: 2F
0-1: DOUBLE (Line Drive, 7D)
Rafael González scores
Arnold Harmon scores
Reynold Akker to third
Runner from 3rd tries for Home, SAFE, no throw or cutoff
Pitching: RHP William Simpson
Batting: RHB Dennis Stephenson 0-0: Ball
1-0: Ball
2-0: Called Strike
2-1: Ground out 4-3 (Groundball, 4)
Bottom of the 8th over - 5 run(s), 2 hit(s), 0 error(s), 1 left on base; Redwood City 2 - Mexico City 11
TOP OF THE 9TH
Redwood City Redwoods batting - Pitching for Mexico City Cerveceros : LHP Jerry Beck
Now at C: Fernando Garza
Now in CF: Domingo Cardona
Batting: SHB Luis González 0-0: SOLO HOME RUN (Flyball, 78XD), Distance : 395 ft
Batting: LHB Marcos Pérez 0-0: Called Strike
0-1: Ball
1-1: Ball
2-1: Ball
3-1: Base on Balls
Batting: RHB Xavier Feliciano 0-0: Foul Ball, location: 2F
0-1: Ball
1-1: Foul Ball, location: 2F
1-2: Foul Ball, location: 2F
1-2: Ball
Wild Pitch!
Marcos Pérez to second
2-2: Ground out 6-3 (Groundball, 6)
Batting: LHB Diego González 0-0: Called Strike
0-1: Fly out, F7 (Flyball, 78M)
Batting: RHB Jesús Maestas 0-0: Called Strike
0-1: Called Strike
0-2: Foul Ball, location: 2F
0-2: Strikes out looking
Top of the 9th over - 1 run(s), 1 hit(s), 0 error(s), 1 left on base; Redwood City 3 - Mexico City 11
Monday, December 5th, 2016 - OOTP Baseball 17.12 Build 75